| TOP OF THE 1ST |
|
Kansas City Royals batting - Pitching for Baltimore Orioles : RHP Kevin Cushman
|
|
Pitching: RHP Kevin Cushman
|
|
|
Batting: RHB Aaron Matthews
|
0-0: Ball 1-0: Ball 2-0: Ball 3-0: Base on Balls
|
|
Batting: RHB Adriaan Pieters
|
0-0: Swinging Strike 0-1: DOUBLE (Line Drive, 9LS, EV 94.4 MPH) Aaron Matthews to third
|
|
Batting: LHB Mike Meyerhoff
|
0-0: Foul Ball, location: 2F 0-1: Foul Ball, location: 2F 0-2: Strikes out swinging
|
|
Batting: SHB Tony Prado
|
0-0: Ball 1-0: Ball 2-0: Foul Ball, location: 2F 2-1: SINGLE (Groundball, 34S, EV 66.3 MPH) (infield hit)
|
|
Batting: SHB Gareth Busby
|
0-0: Ball 1-0: Fly out, F6 (Flyball, 4MD, EV 89.4 MPH)
|
|
Batting: LHB Manny Estrada
|
0-0: Ball 1-0: Fly out, F6 (Line Drive, 6, EV 63.8 MPH)
|
| Top of the 1st over - 0 runs, 2 hits, 0 errors, 3 left on base; Kansas City 0 - Baltimore 0 |
| BOTTOM OF THE 1ST |
|
Baltimore Orioles batting - Pitching for Kansas City Royals : RHP Oscar Banda
|
|
Pitching: RHP Oscar Banda
|
|
|
Batting: RHB Alex Rodriguez Jr.
|
0-0: Fly out, F7 (Flyball, 7LD, EV 108.1 MPH)
|
|
Batting: RHB Kevin Howard
|
0-0: Called Strike 0-1: Ball 1-1: Ball 2-1: Foul Ball, location: 2F 2-2: Ball 3-2: DOUBLE (Line Drive, 89D, EV 103.8 MPH)
|
|
Batting: LHB Brad Pepin
|
0-0: Called Strike 0-1: Ball 1-1: Swinging Strike 1-2: Fly out, F4 (Flyball, 34D, EV 92.5 MPH)
|
|
Batting: LHB Paul Diaz
|
0-0: Ground out 4-3 (Groundball, 4, EV 84.4 MPH)
|
| Bottom of the 1st over - 0 runs, 1 hit, 0 errors, 1 left on base; Kansas City 0 - Baltimore 0 |
| TOP OF THE 2ND |
|
Kansas City Royals batting - Pitching for Baltimore Orioles : RHP Kevin Cushman
|
|
Batting: RHB Jordan Diaz
|
0-0: Called Strike 0-1: Called Strike 0-2: Ball 1-2: Ball 2-2: Foul Ball, location: 2F 2-2: Strikes out looking
|
|
Batting: RHB Jason Gee
|
0-0: Ball 1-0: Called Strike 1-1: Called Strike 1-2: Ball 2-2: SINGLE (Groundball, 4MD, EV 103.8 MPH)
|
|
Batting: RHB Emilio Gallegos
|
0-0: Called Strike Jason Gee steals 2nd base 0-1: Ball 1-1: Ball 2-1: Swinging Strike 2-2: Ball 3-2: Foul Ball, location: 2F 3-2: Strikes out looking
|
|
Batting: RHB Aaron Matthews
|
0-0: Ball 1-0: Ball 2-0: Called Strike 2-1: Fly out, F9 (Flyball, 9D, EV 99.4 MPH)
|
| Top of the 2nd over - 0 runs, 1 hit, 0 errors, 1 left on base; Kansas City 0 - Baltimore 0 |
| BOTTOM OF THE 2ND |
|
Baltimore Orioles batting - Pitching for Kansas City Royals : RHP Oscar Banda
|
|
Batting: LHB Stu Sornson
|
0-0: Ball 1-0: Ball 2-0: Called Strike 2-1: Foul Ball, location: 2F 2-2: Ball 3-2: Base on Balls
|
|
Batting: RHB Dermott Neill
|
0-0: Called Strike 0-1: Swinging Strike 0-2: Ball 1-2: Foul Ball, location: 2F 1-2: Strikes out swinging
|
|
Batting: RHB Randy Johnson Jr.
|
0-0: Ball 1-0: Ball 2-0: Called Strike 2-1: Fly out, F4 (Popup, 4, EV 55.6 MPH)
|
|
Batting: RHB Jeremy Giesler
|
0-0: Called Strike 0-1: Ball 1-1: Ball 2-1: Ball 3-1: Base on Balls Stu Sornson to second
|
|
Batting: RHB Carlos Talavera
|
0-0: Swinging Strike 0-1: Foul Ball, location: 2F 0-2: Ball 1-2: Ground out 5-3 (Groundball, 56S, EV 84.4 MPH)
|
| Bottom of the 2nd over - 0 runs, 0 hits, 0 errors, 2 left on base; Kansas City 0 - Baltimore 0 |
| TOP OF THE 3RD |
|
Kansas City Royals batting - Pitching for Baltimore Orioles : RHP Kevin Cushman
|
|
Batting: RHB Adriaan Pieters
|
0-0: Called Strike 0-1: SOLO HOME RUN (Flyball, 7LD, EV 96.9 MPH), Distance : 373 ft
|
|
Batting: LHB Mike Meyerhoff
|
0-0: Called Strike 0-1: Ball 1-1: SINGLE (Groundball, 5S, EV 61.3 MPH) (infield hit)
|
|
Batting: SHB Tony Prado
|
0-0: Ball 1-0: Ball 2-0: Ball 3-0: Base on Balls Mike Meyerhoff to second
|
|
Batting: SHB Gareth Busby
|
0-0: Ball 1-0: Fielders Choice at 2nd, 5-4 (Groundball, 5, EV 84.4 MPH) Mike Meyerhoff to third
|
|
Batting: LHB Manny Estrada
|
0-0: Called Strike 0-1: Called Strike 0-2: Foul Ball, location: 2F 0-2: Ball 1-2: Strikes out looking
|
|
Batting: RHB Jordan Diaz
|
0-0: Swinging Strike 0-1: Called Strike 0-2: Ball 1-2: Foul Ball, location: 2F 1-2: Fielders Choice at 2nd, 6-4 (Groundball, 56, EV 105.6 MPH)
|
| Top of the 3rd over - 1 run, 2 hits, 0 errors, 2 left on base; Kansas City 1 - Baltimore 0 |
| BOTTOM OF THE 3RD |
|
Baltimore Orioles batting - Pitching for Kansas City Royals : RHP Oscar Banda
|
|
Batting: RHB Alex Rodriguez Jr.
|
0-0: Ball 1-0: Foul Ball, location: 2F 1-1: Reached on error, E5 (Groundball, 5, EV 86.3 MPH)
|
|
Batting: RHB Kevin Howard
|
0-0: Ball 1-0: Ball 2-0: Called Strike 2-1: Swinging Strike 2-2: Ball 3-2: DOUBLE (Flyball, 78XD, EV 108.8 MPH) Alex Rodriguez Jr. to third Alex Rodriguez Jr. scores
|
|
Batting: LHB Brad Pepin
|
0-0: Ground out 4-3 (Groundball, 4, EV 90.6 MPH) Kevin Howard to third
|
|
Batting: LHB Paul Diaz
|
0-0: Ball 1-0: Called Strike 1-1: Ground out 4-3 (Groundball, 4, EV 101.3 MPH) Kevin Howard scores
|
|
Batting: LHB Stu Sornson
|
0-0: Ball 1-0: Ball 2-0: Called Strike 2-1: Called Strike 2-2: Ball 3-2: Fly out, F5 (Popup, 25, EV 82.5 MPH)
|
| Bottom of the 3rd over - 2 runs, 1 hit, 1 error, 0 left on base; Kansas City 1 - Baltimore 2 |
| TOP OF THE 4TH |
|
Kansas City Royals batting - Pitching for Baltimore Orioles : RHP Kevin Cushman
|
|
Batting: RHB Jason Gee
|
0-0: Swinging Strike 0-1: Fly out, F3 (Popup, 23F, EV 80.6 MPH)
|
|
Batting: RHB Emilio Gallegos
|
0-0: Swinging Strike 0-1: Called Strike 0-2: Ball 1-2: Foul Ball, location: 2F 1-2: SOLO HOME RUN (Line Drive, 89XD, EV 115.6 MPH), Distance : 433 ft
|
|
Batting: RHB Aaron Matthews
|
0-0: Swinging Strike 0-1: Ball 1-1: Called Strike 1-2: Ball 2-2: Fly out, F7 (Flyball, 7, EV 87.5 MPH)
|
|
Batting: RHB Adriaan Pieters
|
0-0: Ball 1-0: Called Strike 1-1: Foul Ball, location: 2F 1-2: Ball 2-2: Foul Ball, location: 2F 2-2: Fly out, F8 (Flyball, 78XD, EV 105.0 MPH)
|
| Top of the 4th over - 1 run, 1 hit, 0 errors, 0 left on base; Kansas City 2 - Baltimore 2 |
| BOTTOM OF THE 4TH |
|
Baltimore Orioles batting - Pitching for Kansas City Royals : RHP Oscar Banda
|
|
Batting: RHB Dermott Neill
|
0-0: Ground out 1-3 (Groundball, P, EV 68.8 MPH)
|
|
Batting: RHB Randy Johnson Jr.
|
0-0: Called Strike 0-1: Ground out 6-3 (Groundball, 6S, EV 63.8 MPH)
|
|
Batting: RHB Jeremy Giesler
|
0-0: Ball 1-0: DOUBLE (Line Drive, 78XD, EV 107.5 MPH)
|
|
Batting: RHB Carlos Talavera
|
0-0: Ball 1-0: Swinging Strike 1-1: Called Strike 1-2: SINGLE (Line Drive, 4D, EV 97.5 MPH) Jeremy Giesler to third Runner from 3rd tries for Home, throw by CF and OUT! 8-2
|
| Bottom of the 4th over - 0 runs, 2 hits, 0 errors, 1 left on base; Kansas City 2 - Baltimore 2 |
| TOP OF THE 5TH |
|
Kansas City Royals batting - Pitching for Baltimore Orioles : RHP Kevin Cushman
|
|
Pitching: LHP Matt Tomlinson
|
|
|
Batting: LHB Mike Meyerhoff
|
0-0: Called Strike 0-1: Foul Ball, location: 2F 0-2: Strikes out looking
|
|
Batting: SHB Tony Prado
|
0-0: Foul Ball, location: 2F 0-1: Ball 1-1: Called Strike 1-2: Fly out, F9 (Flyball, 9, EV 86.9 MPH)
|
|
Batting: SHB Gareth Busby
|
0-0: Ground out U3 (Groundball, 13, EV 78.1 MPH)
|
| Top of the 5th over - 0 runs, 0 hits, 0 errors, 0 left on base; Kansas City 2 - Baltimore 2 |
| BOTTOM OF THE 5TH |
|
Baltimore Orioles batting - Pitching for Kansas City Royals : RHP Oscar Banda
|
|
Pitching: RHP Chris Geraci
|
|
|
Batting: RHB Alex Rodriguez Jr.
|
0-0: Ball 1-0: Swinging Strike 1-1: Ball 2-1: Ball 3-1: SINGLE (Flyball, 34D, EV 87.5 MPH)
|
|
Batting: RHB Kevin Howard
|
0-0: Ball 1-0: Foul Ball, location: 2F 1-1: Ball 2-1: Ball 3-1: Base on Balls Alex Rodriguez Jr. to second
|
|
Batting: LHB Brad Pepin
|
0-0: Called Strike Alex Rodriguez Jr. steals 3rd base 0-1: Swinging Strike 0-2: Foul Ball, location: 2F 0-2: Ball 1-2: TRIPLE (Flyball, 89XD, EV 108.1 MPH) Alex Rodriguez Jr. scores Kevin Howard scores
|
|
Batting: LHB Paul Diaz
|
0-0: Foul Ball, location: 2F 0-1: Ball 1-1: Ball 2-1: Ball 3-1: Foul Ball, location: 2F 3-2: Base on Balls
|
|
Batting: LHB Stu Sornson
|
0-0: Fly out, F5 (Flyball, 56D, EV 83.8 MPH)
|
|
Batting: RHB Dermott Neill
|
0-0: Called Strike 0-1: Ball 1-1: Ball 2-1: Ball 3-1: Base on Balls Paul Diaz to second
|
|
Batting: RHB Randy Johnson Jr.
|
0-0: Ball 1-0: Ball 2-0: Ball 3-0: DOUBLE (Flyball, 89XD, EV 105.6 MPH) Brad Pepin scores Paul Diaz scores Dermott Neill to third
|
|
Pitching: RHP Asa Hahn
|
|
|
Batting: RHB Jeremy Giesler
|
0-0: Called Strike 0-1: Ball 1-1: Ball 2-1: Ball 3-1: Base on Balls
|
|
Batting: RHB Carlos Talavera
|
0-0: Ball 1-0: Swinging Strike 1-1: Swinging Strike 1-2: Strikes out swinging
|
|
Pinch Hitting: RHB Saimei Kudo
|
0-0: Ball 1-0: Ball 2-0: Ground out 1-3 (Groundball, 13S, EV 65.0 MPH)
|
| Bottom of the 5th over - 4 runs, 3 hits, 0 errors, 3 left on base; Kansas City 2 - Baltimore 6 |
| TOP OF THE 6TH |
|
Kansas City Royals batting - Pitching for Baltimore Orioles : LHP Matt Tomlinson
|
|
Now at SS: Andres Leon
|
|
|
Batting: LHB Manny Estrada
|
0-0: Swinging Strike 0-1: Hit by Pitch
|
|
Batting: RHB Jordan Diaz
|
0-0: Ball 1-0: Ball 2-0: Swinging Strike 2-1: Swinging Strike 2-2: Strikes out swinging
|
|
Batting: RHB Jason Gee
|
0-0: Called Strike 0-1: Called Strike 0-2: Ball 1-2: Ball 2-2: Ball 3-2: Fly out, F7 (Line Drive, 7, EV 90.6 MPH)
|
|
Batting: RHB Emilio Gallegos
|
0-0: Called Strike 0-1: Foul Ball, location: 2F 0-2: Ball 1-2: Fly out, F8 (Flyball, 89D, EV 96.3 MPH)
|
| Top of the 6th over - 0 runs, 0 hits, 0 errors, 1 left on base; Kansas City 2 - Baltimore 6 |
| BOTTOM OF THE 6TH |
|
Baltimore Orioles batting - Pitching for Kansas City Royals : RHP Asa Hahn
|
|
Pinch Hitting: RHB Danny Merrill
|
0-0: Called Strike 0-1: Swinging Strike 0-2: Strikes out looking
|
|
Pinch Hitting: RHB Marc Peckermark
|
0-0: Foul Ball, location: 2F 0-1: Ball 1-1: Fly out, F9 (Flyball, 9, EV 86.9 MPH)
|
|
Pinch Hitting: RHB Ruben Garza
|
0-0: Called Strike 0-1: Ball 1-1: Swinging Strike 1-2: Ball 2-2: Strikes out swinging
|
| Bottom of the 6th over - 0 runs, 0 hits, 0 errors, 0 left on base; Kansas City 2 - Baltimore 6 |
| TOP OF THE 7TH |
|
Kansas City Royals batting - Pitching for Baltimore Orioles : LHP Matt Tomlinson
|
|
Now at 2B: Ruben Garza
|
|
|
Now at 3B: Jason Hayes
|
|
|
Now in CF: Marc Peckermark
|
|
|
Pinch Hitting: RHB Avery Maxwell
|
0-0: Foul Ball, location: 2F 0-1: SINGLE (Groundball, 6S, EV 75.0 MPH) (infield hit)
|
|
Pinch Hitting: RHB Imbart Faber
|
0-0: Ball 1-0: Ball 2-0: Foul Ball, location: 2F 2-1: DOUBLE (Line Drive, 9LS, EV 94.4 MPH) Avery Maxwell to third
|
|
Batting: LHB Mike Meyerhoff
|
0-0: Called Strike 0-1: Called Strike 0-2: Strikes out swinging
|
|
Batting: SHB Tony Prado
|
0-0: Ball 1-0: Foul Ball, location: 2F 1-1: Ball 2-1: Called Strike 2-2: Foul Ball, location: 2F 2-2: Strikes out swinging
|
|
Batting: SHB Gareth Busby
|
0-0: Ball 1-0: Called Strike 1-1: Ball 2-1: Ball 3-1: Fly out, F9 (Flyball, 9LM, EV 88.1 MPH)
|
| Top of the 7th over - 0 runs, 2 hits, 0 errors, 2 left on base; Kansas City 2 - Baltimore 6 |
| BOTTOM OF THE 7TH |
|
Baltimore Orioles batting - Pitching for Kansas City Royals : RHP Asa Hahn
|
|
Pitching: RHP Bryan Boykin
|
|
|
Now at 2B: Avery Maxwell
|
|
|
Now in RF: Imbart Faber
|
|
|
Pinch Hitting: LHB Gabe Pace
|
0-0: Called Strike 0-1: Ball 1-1: SINGLE (Groundball, 25, EV 70.0 MPH) (infield hit)
|
|
Batting: RHB Casey Nelligan
|
0-0: Ball 1-0: Ball 2-0: Fly out, F8 (Flyball, 8LXD, EV 88.8 MPH)
|
|
Pinch Hitting: RHB Vince Jackson
|
0-0: Swinging Strike 0-1: Foul Ball, location: 2F 0-2: Ball 1-2: Fielders Choice at 2nd, 3-6 (Groundball, 34S, EV 86.9 MPH)
|
|
Batting: RHB Jeremy Giesler
|
0-0: Called Strike 0-1: Ball 1-1: Ground out 2-3 (Groundball, 15S, EV 73.8 MPH)
|
| Bottom of the 7th over - 0 runs, 1 hit, 0 errors, 1 left on base; Kansas City 2 - Baltimore 6 |
| TOP OF THE 8TH |
|
Kansas City Royals batting - Pitching for Baltimore Orioles : LHP Matt Tomlinson
|
|
Pitching: LHP Manny Trump
|
|
|
Now at 1B: Vince Jackson
|
|
|
Now in LF: Gabe Pace
|
|
|
Pinch Hitting: RHB Bob Najar
|
0-0: SINGLE (Flyball, 3D, EV 83.8 MPH)
|
|
Batting: RHB Victor Moya
|
0-0: Foul Ball, location: 2F 0-1: Ball 1-1: Ball 2-1: Ball 3-1: Called Strike 3-2: Foul Ball, location: 2F 3-2: Base on Balls Bob Najar to second
|
|
Batting: RHB Jason Gee
|
0-0: Ball 1-0: Called Strike 1-1: Ball 2-1: Foul Ball, location: 2F 2-2: Strikes out swinging
|
|
Batting: RHB Emilio Gallegos
|
0-0: Called Strike 0-1: Foul Ball, location: 2F 0-2: Ball 1-2: Ball 2-2: Strikes out swinging
|
|
Batting: RHB Avery Maxwell
|
0-0: Ball 1-0: Foul Ball, location: 2F 1-1: Swinging Strike 1-2: Ball 2-2: Foul Ball, location: 2F 2-2: Foul Ball, location: 2F 2-2: Strikes out swinging
|
| Top of the 8th over - 0 runs, 1 hit, 0 errors, 2 left on base; Kansas City 2 - Baltimore 6 |
| BOTTOM OF THE 8TH |
|
Baltimore Orioles batting - Pitching for Kansas City Royals : RHP Bryan Boykin
|
|
Now at 1B: Bob Najar
|
|
|
Batting: RHB Carlos Talavera
|
0-0: Foul Ball, location: 2F 0-1: Called Strike 0-2: Ball 1-2: SINGLE (Line Drive, 6MD, EV 99.4 MPH)
|
|
Batting: RHB Andres Leon
|
0-0: Ball 1-0: Ball 2-0: Ball 3-0: Base on Balls Carlos Talavera to second
|
|
Batting: SHB Jason Hayes
|
0-0: Called Strike 0-1: Swinging Strike 0-2: Ball 1-2: Ball 2-2: Strikes out swinging
|
|
Batting: RHB Marc Peckermark
|
0-0: Ball 1-0: Foul Ball, location: 2F 1-1: Ball 2-1: Called Strike 2-2: Ball 3-2: SINGLE (Line Drive, 6D, EV 103.1 MPH) Carlos Talavera to third Andres Leon to second
|
|
Batting: RHB Ruben Garza
|
0-0: Ball 1-0: SINGLE (Groundball, 4D, EV 107.5 MPH) Carlos Talavera scores Andres Leon to third Marc Peckermark to second
|
|
Batting: LHB Gabe Pace
|
0-0: Fly out, F7 (Flyball, 78S, EV 88.8 MPH)
|
|
Batting: RHB Casey Nelligan
|
0-0: Foul Ball, location: 2F 0-1: Ball 1-1: Ground out 5-3 (Groundball, 56S, EV 90.6 MPH)
|
| Bottom of the 8th over - 1 run, 3 hits, 0 errors, 3 left on base; Kansas City 2 - Baltimore 7 |
| TOP OF THE 9TH |
|
Kansas City Royals batting - Pitching for Baltimore Orioles : LHP Manny Trump
|
|
Pitching: RHP Chris Dauphin
|
|
|
Batting: RHB Imbart Faber
|
0-0: Called Strike 0-1: Called Strike 0-2: Foul Ball, location: 2F 0-2: Ground out 4-3 (Groundball, 4, EV 96.9 MPH)
|
|
Pinch Hitting: LHB Sam Britt
|
0-0: Called Strike 0-1: Swinging Strike 0-2: Strikes out swinging
|
|
Batting: SHB Tony Prado
|
0-0: Ball 1-0: Foul Ball, location: 2F 1-1: Foul Ball, location: 2F 1-2: Ball 2-2: Ball 3-2: Ground out 1-3 (Groundball, 15S, EV 72.5 MPH)
|
| Top of the 9th over - 0 runs, 0 hits, 0 errors, 0 left on base; Kansas City 2 - Baltimore 7 |
|